 Dungeon Crawl Stone Soup version 0.30-a0-743-gbfdf073431 (console) character file.

Game seed: 10152826939152651

2633 Ignak the Fighter (level 9, 0/98 HPs)
             Began as an Ogre Warper on Feb 8, 2023.
             Was an Initiate of Okawaru.
             Slain by a two-headed ogre
             ... wielding a +0 giant club
              (10 damage)
             ... on level 7 of the Dungeon.
             The game lasted 00:18:55 (9745 turns).

Ignak the Fighter (Ogre Warper)                     Turns: 9745, Time: 00:18:56

Health: 0/98       AC:  5    Str: 21      XL:     9   Next: 61%
Magic:  12/17      EV: 10    Int: 19 (20) God:    Okawaru [......]
Gold:   234        SH:  0    Dex:  7 (8)  Spells: 8/18 levels left

rFire   . . .      SeeInvis .    a - +1 broad axe (freeze)
rCold   . . .      Faith    .    (no shield)
rNeg    + . .      Spirit   .    t - +1 robe {Will+}
rPois   .          Reflect  .    (helmet restricted)
rElec   .          Harm     .    z - +0 cloak
rCorr   .          Rampage  .    (gloves unavailable)
Will    +....                    (boots unavailable)
Stlth   +                        (no amulet)
HPRegen 0.36/turn                o - +6 ring of intelligence
MPRegen 0.15/turn                m - ring of positive energy

@: on blink cooldown
A: large, unfitting armour, tough skin 1
a: Renounce Religion


You were on level 7 of the Dungeon.
You worshipped Okawaru.
Okawaru was noncommittal.
You visited 2 branches of the dungeon, and saw 9 of its levels.

You collected 348 gold pieces.
You spent 114 gold pieces at shops.

Inventory:

Hand Weapons
 a - a +1 broad axe of freezing (weapon)
 b - a +0 hand axe of draining
 c - the +5 rapier "Iczi" {freeze, rPois}
   (You found it on level 6 of the Dungeon)

   rPois:     It protects you from poison.
 k - a +4 morningstar
 E - a +2 heavy great mace
Missiles
 d - 7 boomerangs of dispersal
 g - 11 poisoned darts (quivered)
 j - 3 throwing nets
Armour
 t - a +1 robe of willpower (worn)
 z - a +0 cloak (worn)
Jewellery
 m - a ring of positive energy (right hand)
 o - a +6 ring of intelligence (left hand)
Wands
 w - a wand of mindburst (31)
 y - a wand of flame (4)
Scrolls
 i - a scroll of fear
 p - 3 scrolls of amnesia {unknown}
 r - 2 scrolls of poison
 s - 3 scrolls of magic mapping
 A - 2 scrolls of blinking
 B - 2 scrolls of teleportation {unknown}
 D - a scroll of silence {unknown}
Potions
 e - 2 potions of mutation {unknown}
 f - a potion of heal wounds
 h - 2 potions of brilliance
 l - a potion of haste {unknown}
 n - a potion of might {unknown}
 q - a potion of flight {unknown}
 u - a potion of curing
 v - a potion of lignification
 x - a potion of magic


   Skills:
 * Level 9.0 Fighting
 * Level 6.8 Axes
 - Level 1.0 Throwing
 + Level 3.4 Armour
 + Level 4.4 Dodging
 + Level 5.3 Spellcasting
 + Level 4.8 Translocations


You had 8 spell levels left.
You knew the following spells:

 Your Spells              Type           Power      Damage    Failure   Level
a - Teleport Other        Tloc           23%        N/A       4%          3
b - Blink                 Tloc           46%        N/A       2%          2
e - Summon Small Mammal   Summ           20%        N/A       12%         1
z - Manifold Assault      Tloc           23%        N/A       16%         4

Your spell library contained the following spells:

 Spells                   Type           Power      Damage    Failure   Level
 Lesser Beckoning         Tloc           46%        N/A       2%          2
 Vhi's Electric Charge    Tloc/Air       28%        N/A       13%         3
 Call Canine Familiar     Summ           Unusable   N/A       N/A         3
 Summon Guardian Golem    Hex/Summ       Unusable   N/A       N/A         3

Dungeon Overview and Level Annotations

Branches:
Dungeon (8/15)             Temple (1/1) D:7
   Lair: D:8-11

Altars:
Ashenzari
Cheibriados
Dithmenos
Elyvilon
Kikubaaqudgha
Makhleb
Nemelex Xobeh
Okawaru
Qazlal
Sif Muna
Uskayaw
Vehumet
Zin

Shops:
D:3 [


Innate Abilities, Weirdness & Mutations

You are too large for most types of armour.
You have tough skin. (AC +1)


Message History

A - 2 scrolls of blinking
There is a stone staircase leading down here.
You climb downwards.
The two-headed ogre closely misses you.
The two-headed ogre hits you with a +0 giant club.
There is a stone staircase leading up here.
Casting: Blink (safe; 2% risk of failure)
Confirm with . or Enter, or press ? or * to list all spells.
You blink.
You open the door. You slice the two-headed ogre!!
You freeze the two-headed ogre.
The two-headed ogre is moderately wounded.
You feel stable enough to blink again.
The two-headed ogre hits you with a +0 giant club!!
The two-headed ogre barely misses you.
Casting: Blink (safe; 2% risk of failure)
Confirm with . or Enter, or press ? or * to list all spells.
You blink.
The two-headed ogre barely misses you. x2
You barely miss the two-headed ogre.
The two-headed ogre is moderately wounded.
The two-headed ogre barely misses you.
The two-headed ogre hits you with a +0 giant club!!
You slash the two-headed ogre! You freeze the two-headed ogre.
You punch the two-headed ogre, but do no damage.
The two-headed ogre is heavily wounded.
You closely miss the two-headed ogre.
The two-headed ogre is heavily wounded.
The two-headed ogre barely misses you.
The two-headed ogre hits you with a +0 giant club!
You barely miss the two-headed ogre.
The two-headed ogre is heavily wounded.
You feel stable enough to blink again.
The two-headed ogre hits you with a +0 giant club!
* * * LOW HITPOINT WARNING * * *
The two-headed ogre hits you with a +0 giant club!
* * * LOW HITPOINT WARNING * * *
Casting: Blink (safe; 2% risk of failure)
Confirm with . or Enter, or press ? or * to list all spells.
You blink.
The two-headed ogre hits you with a +0 giant club!
You die...

##...##.# #.# ############
#.....#.# #.# #.>........#
##...##.# #.#
#....#.###.#####.###.# #.#
#....#.# #...........# #.#
#....#.# #######.##### #.#
#.##.#.## ##'## #.# #.......#
##...## #.# ##)#.##.# ##.@O..##
##.# #.#.#..# ##....ยง..##
##..####
#......####.........####......#
#.........'.[.......'..[.......
#..#...####.........####...##.#
#..##..# ##..<....## ##.###.#
###.....)# ##.....## ### #.#
.........# ##...## ####.#
.###.###.# ##'## #....#


You could see a two-headed ogre.

Vanquished Creatures
  A shadow (D:6)
  2 ice beasts (D:7)
  An orc warrior (D:7)
  3 sky beasts
  3 ogres (D:6)
  A centaur (D:6)
  A phantom (D:4)
  Blork the orc (D:5)
  3 bullfrogs
  A necrophage (D:6)
  2 scorpions (D:5)
  6 wights (D:7)
  4 killer bees
  4 hounds
  A jelly (D:6)
  An orc priest (D:5)
  4 iguanas
  5 orc wizards
  11 adders
  2 ufetubi
  2 worms
  The ghost of M4edhros the Sneak, a weakling OpDe (D:6)
  A dart slug (D:2)
  9 orcs
  4 ball pythons
  4 endoplasms
  A giant cockroach (D:3)
  7 goblins
  2 hobgoblins
  14 jackals
  6 kobolds
  3 quokkas (D:4)
  2 bats
  2 frilled lizards
  7 rats
122 creatures vanquished.

Vanquished Creatures (others)
  6 fungi (D:3)
6 creatures vanquished.

Grand Total: 128 creatures vanquished

Notes
Turn   | Place    | Note
-------+----------+-------------------------------------------
     0 | D:1      | Ignak the Ogre Warper began the quest for the Orb.
     0 | D:1      | Reached XP level 1. HP: 22/22 MP: 3/3
    49 | D:1      | Reached skill level 3 in Fighting
    49 | D:1      | Reached XP level 2. HP: 14/31 MP: 3/5
    75 | D:1      | Learned a level 2 spell: Blink
   333 | D:1      | You fall into a shaft and drop 1 floor!
   451 | D:2      | Found a burning altar of Makhleb.
   979 | D:2      | Reached XP level 3. HP: 37/37 MP: 6/6
  1453 | D:3      | Reached XP level 4. HP: 45/48 MP: 8/8
  1590 | D:3      | Reached skill level 4 in Fighting
  1667 | D:3      | Learned a level 3 spell: Teleport Other
  1785 | D:3      | Found Muramp's Antique Armour Boutique.
  1995 | D:3      | Found a stormy altar of Qazlal.
  2081 | D:3      | Bought a glowing robe for 114 gold pieces
  2235 | D:4      | Reached XP level 5. HP: 42/54 MP: 9/9
  2314 | D:4      | Noticed a phantom
  2397 | D:4      | Killed a phantom
  2398 | D:4      | Reached skill level 1 in Armour
  2853 | D:4      | Learned a level 1 spell: Summon Small Mammal
  3016 | D:4      | Reached XP level 6. HP: 63/63 MP: 10/10
  3271 | D:5      | Entered Level 5 of the Dungeon
  3282 | D:5      | Reached skill level 5 in Fighting
  3470 | D:5      | Found a sparkling altar of Nemelex Xobeh.
  3626 | D:5      | Noticed Blork the orc
  3657 | D:5      | Killed Blork the orc
  3658 | D:5      | Reached XP level 7. HP: 17/72 MP: 9/12
  4094 | D:5      | HP: 1/74 [orc priest/divine providence (14)]
  4881 | D:5      | Reached skill level 6 in Fighting
  5357 | D:6      | Reached XP level 8. HP: 76/84 MP: 13/13
  5441 | D:6      | Noticed M4edhros's ghost (weakling OpDe)
  5442 | D:6      | Found a transporter.
  5444 | D:6      | Found a transporter.
  5487 | D:6      | Reached skill level 5 in Axes
  5708 | D:6      | Identified the +5 rapier "Iczi" {freeze, rPois}
  5789 | D:6      | Noticed a boulder beetle
  5798 | D:6      | Reached skill level 7 in Fighting
  5838 | D:6      | Noticed a shadow
  5843 | D:6      | Killed a shadow
  6922 | D:6      | Killed M4edhros's ghost
  7162 | D:7      | Reached XP level 9. HP: 69/95 MP: 16/16
  7319 | D:7      | Found a staircase to the Ecumenical Temple.
  7325 | Temple   | Entered the Ecumenical Temple
  7333 | Temple   | Became a worshipper of Warmaster Okawaru
  7371 | D:7      | Reached skill level 8 in Fighting
  7678 | D:7      | Reached skill level 5 in Spellcasting
  7981 | D:7      | Found a shadowy altar of Dithmenos.
  8603 | D:7      | Reached * piety under Okawaru
  8995 | D:8      | Learned a level 4 spell: Manifold Assault
  9124 | D:8      | Noticed a two-headed ogre
  9391 | D:7      | Reached skill level 9 in Fighting
  9745 | D:7      | Slain by a two-headed ogre

Illustrated notes

Levels and vault maps discovered:
D:1:      dpeg_arrival_rooms_a, layout_loops_ring
D:2:      layout_rooms, basic_altar
D:3:      layout_rooms, mainiacjoe_overflow_brackets, serial_shops, shop,
          dk_noncrumbling_3, chequers_decorated_corner,
          dreamdust_mushroom_princess, chequers_serial_rivers_large_b,
          nicolae_half_adder
D:4:      layout_basic
D:5:      layout_basic, nemelex_xobeh_ov_fountains_minmay,
          serial_co_window_serial, co_window_paths_a, co_window_paths_b,
          co_window_of_opportunity_a, co_window_paths_a, co_window_paths_a,
          co_window_of_opportunity_a, co_window_2corner, co_window_corner_ca,
          co_window_cross_3, co_window_cross_4, co_window_2corner,
          co_window_4corner_a, glass_columns_b, glass_columns_b,
          glass_columns_a, glass_columns_a, uniq_blork_the_orc
D:6:      layout_gridville, gammafunk_ghost_smash, minmay_misc_feat_room,
          minmay_misc_feat_ornament, minmay_microvault
D:7:      layout_loops_corners, nicolae_dithmenos_through_a_glass_darkly,
          minmay_temple_entry_hall
D:8:      minmay_bloctagon_deflated, layout_rooms, david_lair_shrubbed,
          nicolae_kite_square_tiling_tiny, minmay_misc_feat_columns
Temple:   lightli_temple_of_artemis

Skill      XL: |  1  2  3  4  5  6  7  8  9 |
---------------+----------------------------+-----
Fighting       | 3 4 5 6 7 9 |  9.0
Translocations | 3 4 |  4.8
Axes           | 3 4 5 6 |  6.8
Armour         | 1 2 3 |  3.4
Spellcasting   | 3 4 5 |  5.3
Dodging        | 3 4 |  4.4
Throwing       | |  1.0

Action                     |  1- 3 |  4- 6 |  7- 9 || total
---------------------------+-------+-------+-------++-------
  Melee: Hand axe          |    91 |   186 |   128 ||   405
         Rapier            |       |       |    94 ||    94
         Great mace        |       |       |    22 ||    22
         Broad axe         |       |       |    42 ||    42
         Punch             |       |       |     2 ||     2
  Throw: Dart              |       |     1 |     9 ||    10
   Cast: Teleport Other    |       |     4 |     4 ||     8
         Summon Small Mamm |       |     1 |    10 ||    11
         Blink             |       |       |    16 ||    16
  Evoke: Wand              |       |       |     4 ||     4
    Use: Scroll            |     4 |     2 |     6 ||    12
         Potion            |       |       |     8 ||     8
   Stab: Sleeping          |       |     1 |       ||     1
 Armour: Robe              |    26 |    66 |   105 ||   197
  Dodge: Dodged            |    53 |   130 |   174 ||   357

Table legend: (Time is in decaauts)
 A = Elapsed time spent in this place.
 B = Non-inter-level travel time spent in this place.
 C = Inter-level travel time spent in this place.
 D = Time resting spent in this place.
 E = Time spent auto-exploring this place.
 F = Levels seen in this place.
 G = Mean time per level.
                   A        B        C        D        E       F      G
               +--------+--------+--------+--------+--------+-----+--------+
         Total |   9853 |   9625 |    228 |   2614 |   4532 |   9 | 1094.8 |
       Dungeon |   9836 |   9608 |    228 |   2614 |   4532 |   8 | 1229.5 |
        Temple |     16 |     16 |      0 |      0 |      0 |   1 |   16.0 |
               +--------+--------+--------+--------+--------+-----+--------+

Top non-repeatable levels by time:
     D:7: 2583 daAuts
     D:6: 2100 daAuts
     D:5: 1674 daAuts
     D:4: 1055 daAuts
     D:3: 939 daAuts
     D:1: 792 daAuts
     D:2: 521 daAuts
     D:8: 171 daAuts
  Temple: 16 daAuts
